 Dungeon Crawl Stone Soup version 0.21.1-1-g345015f (webtiles) character file.

60 zishaf the Sneak (level 4, 0/27 HPs)
             Began as a Kobold Assassin on May 6, 2018.
             Slain by a worker ant (2 damage)
             ... on level 3 of the Dungeon.
             The game lasted 00:11:00 (1544 turns).

zishaf the Sneak (Kobold Assassin)                  Turns: 1544, Time: 00:11:00

Health: 0/27       AC:  5    Str: 10    XL:     4   Next: 25%
Magic:  3/3        EV: 15    Int: 14    God:
Gold:   134        SH:  3    Dex: 17    Spells: 3/3 levels left

rFire    x . .     SeeInvis .   a - +2 dagger
rCold    + . .     Gourm    .   (shield restricted)
rNeg     . . .     Faith    .   c - +0 robe
rPois    .         Spirit   .   (no helmet)
rElec    .         Reflect  +   d - +1 cloak
rCorr    .         Harm     .   m - +0 pair of gloves
MR       .....                  (no boots)
Stlth    +++.......             q - +3 amulet of reflection
HPRegen  0.09/turn              h - ring of ice
MPRegen  0.08/turn              (no ring)

@: lethally poisoned (0 -> -4)
A: small, carnivore, clever 1, low mp 1, strong 1
a: no special abilities


You were on level 3 of the Dungeon.
You were very full.

You visited 1 branch of the dungeon, and saw 3 of its levels.

You collected 134 gold pieces.

Inventory:

Hand Weapons
 a - a +2 dagger (weapon)
 b - a +0 blowgun
 n - a +0 dagger
Missiles
 e - 9 poisoned needles
 f - 2 curare-tipped needles
 p - 4 needles of sleeping
Armour
 c - a +0 robe (worn)
 d - a +1 cloak (worn)
 m - a +0 pair of gloves (worn)
Jewellery
 h - a ring of ice (left hand)
 q - a +3 amulet of reflection (around neck)
Scrolls
 i - a scroll of remove curse
 j - 3 scrolls of identify
 k - a scroll of noise
Comestibles
 g - 5 rations


   Skills:
 + Level 2.8 Fighting
 * Level 4.1 Short Blades
 - Level 2.1 Throwing
 + Level 2.2 Dodging
 + Level 5.8 Stealth


You had 3 spell levels left.
You didn't know any spells.

Dungeon Overview and Level Annotations

Branches:
Dungeon (3/15)

Altars:
Gozag
Wu Jian
Zin
The Shining One


Innate Abilities, Weirdness & Mutations

You are small and have problems with some larger weapons.
You are carnivorous and can eat meat at any time.
Your mind is acute. (Int +2)
Your magical capacity is low. (-10% MP)
Your muscles are strong. (Str +2)


Message History

You feel sick.
* * * LOW HITPOINT WARNING * * *
You feel sick.
The worker ant twitches its antennae in your direction.
You see here a chunk of flesh.
The worker ant waves its antennae.
You see here a poisoned needle.
* * * LOW HITPOINT WARNING * * *
You feel sick.
Things that are here:
a poisoned needle; an adder corpse You see here a poisoned needle.
* * * LOW HITPOINT WARNING * * *
You feel sick. The worker ant closely misses you.
* * * LOW HITPOINT WARNING * * *
You feel sick. You block the worker ant's attack.
* * * LOW HITPOINT WARNING * * *
You feel sick. The worker ant bites you.
You die...

.. #.........#.#
...##...?.....#.#
..............#.#
..............#.#######
..!......?...(%....)...
.............(#.#######
..............#.#
........a.....#.#
........@.....#.####
..............#....#
..............####.#
..............# #.####
.............# #....#
.############# ####.#
######.### #..)......
#.........


You could see a worker ant.

Vanquished Creatures
  3 adders
  3 dart slugs
  A leopard gecko (D:2)
  A ball python (D:2)
  2 goblins
  3 hobgoblins (D:2)
  2 jackals (D:2)
  A quokka (D:2)
  2 bats
  3 frilled lizards
  4 kobolds
  4 rats
29 creatures vanquished.

Notes
Turn   | Place    | Note
-------+----------+-------------------------------------------
     0 | D:1      | zishaf the Kobold Assassin began the quest for the Orb.
     0 | D:1      | Reached XP level 1. HP: 12/12 MP: 1/1
   161 | D:1      | Gained mutation: Your muscles are strong. (Str +2) [potion of mutation]
   161 | D:1      | Gained mutation: Your magical capacity is low. (-10% MP) [potion of mutation]
   161 | D:1      | Gained mutation: Your mind is acute. (Int +2) [potion of mutation]
   315 | D:1      | Reached XP level 2. HP: 18/18 MP: 1/1
   535 | D:2      | Reached XP level 3. HP: 20/22 MP: 2/2
   580 | D:2      | Found a glowing silver altar of Zin.
   669 | D:2      | Found a glowing golden altar of the Shining One.
   735 | D:2      | Found an opulent altar of Gozag.
   772 | D:2      | Found an ornate altar of the Wu Jian Council.
  1512 | D:3      | Reached XP level 4. HP: 23/27 MP: 3/3
  1543 | D:3      | HP: 1/27 [poisoned by an adder]
  1544 | D:3      | Slain by a worker ant

Skill      XL: |  1  2  3  4 |
---------------+-------------+-----
Short Blades   | 3 4 |  4.1
Dodging        | 2 |  2.2
Fighting       | |  2.8
Throwing       | |  2.1
Stealth        | |  5.8

Action                   |  1- 3 |  4- 6 || total
-------------------------+-------+-------++-------
Melee: Dagger            |    88 |     6 ||    94
 Fire: Blowgun           |       |     3 ||     3
  Use: Scroll            |     6 |       ||     6
       Potion            |     3 |       ||     3
 Stab: Sleeping          |     9 |       ||     9
  Eat: Chunk             |     9 |       ||     9
Armor: Robe              |    10 |     2 ||    12
Dodge: Dodged            |    57 |     2 ||    59
Block: Other             |       |     2 ||     2
